AoeStats
← Reis

Nomad

507321054Analyzed
4v4 RM · 15d ago on Sep 17, 2026· 29m 29s· 8 players
Game mode
Random Map
Map size
231×231
Population
200
Speed
Normal
Resources
Standard
Victory
Conquest
Starting age
Dark Age
Ending age
Imperial Age
RankedLock teamsTeams togetherTeam positionsShared explorationLock speedFull tech treeHidden civsTurbo modeCheats
Victory
Defeat
🇮🇳 Vietnamese · India
1373
+12
🇨🇭 Malians · Switzerland
1347
+13
🇲🇽 Aztecs · Mexico
1327
+14
🇮🇳 Franks · India
1304
+16
🇨🇭 Japanese · Switzerland
1311
-14
🇨🇭 Persians · Switzerland
1290
-14
🇬🇧 Tatars · United Kingdom
1289
-14
🇮🇹 Sicilians · Italy
1274
-13
dr.schniselx
4:49 Loom
12:31 Feudal Age
13:10 Double-Bit Axe
16:46 Man-at-Arms
26:45 Castle Age
25:05 Fishing Lines
25:34 Gold Mining
26:47 Fletching
27:14 Crossbowman
Bambi
6:01 Loom
14:17 Feudal Age
18:55 Castle Age
21:35 Forging
21:34 Scale Barding Armor
25:19 Iron Casting
Jac
3:09 Loom
13:21 Feudal Age
18:17 Fletching
23:01 Castle Age
21:54 Double-Bit Axe
21:54 Horse Collar
23:51 Medium Warships
25:32 Ballistics
26:52 Bodkin Arrow
26:51 Gold Mining
26:52 Stone Mining
optional_cookie
4:17 Loom
15:02 Feudal Age
19:26 Castle Age
Reis
3:30 Loom
7:25 Loom
13:07 Feudal Age
18:04 Castle Age
17:04 Double-Bit Axe
17:40 Fishing Lines
Weary Sigh
5:39 Loom
14:21 Feudal Age
18:34 Castle Age
17:34 Town Watch
17:57 Fletching
19:42 Double-Bit Axe
30:24 Wheelbarrow
Comrades of Kankidiot
4:34 Loom
12:59 Feudal Age
20:24 Castle Age
HK | Jai Guru Deva
7:55 Loom
9:32 Loom
11:57 Loom
22:07 Feudal Age
25:49 Castle Age
23:54 Double-Bit Axe
24:50 Horse Collar
25:30 Scale Mail Armor
25:40 Forging
26:38 Eagle Warrior
28:12 Chain Mail Armor
Connection lost

Rejoining the realm…

Still unreachable

The connection could not be restored.

Session expired

The server has moved on; the page needs a fresh start.